[Event "Danish-ch Masters 2022"]
[Site "Svendborg"]
[Date "2022.04.09"]
[Round "1.1"]
[White "Schandorff, Lars"]
[Black "Ochsner, Bjorn Moller"]
[Result "1/2-1/2"]
[ECO "D38"]
[WhiteElo "2469"]
[BlackElo "2496"]
[Annotator "TA"]
[PlyCount "61"]
[EventDate "2022.04.10"]
[EventType "tourn"]
[EventCountry "DEN"]
[SourceTitle "playchess.com"]
[Source "ChessBase"]
[SourceQuality "1"]
[TimeControl "40/5400+30:1800+30"]

1. d4 d5 2. Nf3 Nf6 3. c4 e6 4. Nc3 Bb4 5. Qa4+ Nc6 6. e3 O-O 7. Qc2 {[%emt 0:01:06] D38: Queen's Gambit Declined: Ragozin Defence (4 Nf3 Bb4).} Qe7 8. Bd2 dxc4 9. Bxc4 e5 {[%emt 0:00:25] [#]} 10. O-O $146 ({Predecessor:} 10. d5 Qc5 11. Ne4 Nxe4 12. Qxe4 Ne7 13. Nxe5 Bf5 14. Qf4 Bxd2+ 15. Kxd2 Qb4+ 16. Kc1 {0-1 (35) Keymer,V (2664)-Aronian,L (2772) Berlin 2022}) 10... exd4 11. Nxd4 Nxd4 12. exd4 c6 13. Bf4 Bg4 14. h3 Bh5 15. Rfe1 Qd8 (15... Qd7 $5 ) 16. Qb3 a5 17. a3 Bd6 (17... Qxd4 $2 18. Be5 (18. axb4 Qxf4 19. bxa5 Qc7 $11) 18... Bxc3 19. Bxd4 Bxd4 20. Qxb7 $18) 18. Be5 b5 19. Bf1 Bg6 20. Qd1 Rc8 21. Qf3 Be7 22. Rac1 Qd7 23. Bd3 Bxd3 24. Qxd3 b4 25. axb4 axb4 26. Na4 {[%emt 0:01:18] [#] Strongly threatening Nb6.} Nd5 {[%emt 0:00:43] Inhibits Nb6.} 27. Nc5 Bxc5 28. dxc5 Rfe8 {[%emt 0:00:45] The position is equal.} 29. Bd6 Rxe1+ 30. Rxe1 Re8 31. Re4 {[%emt 0:02:31] Weighted Error Value: White=0.08 (flawless) /Black=0.06 (flawless)} 1/2-1/2

[Event "Danish-ch Masters 2022"]
[Site "Svendborg"]
[Date "2022.04.09"]
[Round "1.2"]
[White "Thybo, Jesper Sondergaard"]
[Black "Haubro, Martin"]
[Result "1-0"]
[ECO "A06"]
[WhiteElo "2592"]
[BlackElo "2399"]
[Annotator "TA"]
[PlyCount "95"]
[EventDate "2022.04.10"]
[EventType "tourn"]
[EventCountry "DEN"]
[SourceTitle "playchess.com"]
[Source "ChessBase"]
[SourceQuality "1"]
[TimeControl "40/5400+30:1800+30"]

1. Nf3 d5 2. g3 c6 3. Bg2 Bg4 4. h3 Bxf3 5. Bxf3 Nd7 6. d3 {[%emt 0:01:46] A07: Réti Opening: New York and Capablanca Systems.} Ngf6 7. O-O e5 8. e4 {[%emt 0:04:51] The position is equal.} dxe4 9. dxe4 Be7 10. Nd2 O-O 11. a4 a5 12. Qe2 Qc7 13. Nc4 {[%emt 0:02:51] [#]} Rfe8 $146 ({Predecessor:} 13... Nc5 14. Bd2 Rfe8 15. Bc3 Bf8 16. Kg2 b6 17. Rfd1 g6 18. b3 Bg7 19. h4 Nfd7 {½-½ (42) Tomashevsky,E (2724)-Goganov,A (2635) Novosibirsk 2016}) 14. h4 Nc5 15. Bd2 b6 16. Bc3 Nfd7 17. Bg4 Bf8 18. Bh3 Rad8 (18... Nf6 $11) 19. Rfd1 $16 {[%emt 0:01:18] &Bianco is more active.} Ne6 20. Rd3 {[%emt 0:06:17] Inhibits Nd4.} (20. Kg2 $14 {should be considered.}) 20... Nd4 $1 $11 21. Bxd4 exd4 22. Rxd4 Bc5 23. Rd3 Nf6 (23... Ne5 $11 24. Nxe5 Qxe5) 24. e5 $16 Rxd3 25. Qxd3 b5 26. exf6 bxc4 27. Qf3 Qe5 28. Rd1 Qxf6 {[%emt 0:00:11] White leaves nothing to chance now.} (28... Qxb2 $14 29. Bd7 (29. Qxc6 Bxf2+ 30. Kf1 Qe5 $11) 29... Rd8) 29. Qxf6 gxf6 $14 {[%emt 0:00:15][%mdl 4096] Endgame [#] KRB-KRB} 30. Bf1 {[%emt 0:00:15] Inhibits Re2.} c3 31. bxc3 Re4 32. Ra1 (32. Bg2 $6 Rxa4 33. Bxc6 Rc4 $11) 32... Re7 33. Bd3 Bd6 34. Rb1 Be5 35. Rb3 h6 (35... Re8 $16 36. f4 Bd6) 36. Kg2 Bc7 37. Rb7 Kf8 38. Ra7 Ke8 39. Kf3 Bd8 40. Ra6 Kd7 (40... Re6 {might work better.} 41. Be4 Kf8) 41. Be4 $18 Re5 42. Bxc6+ Ke7 43. c4 Bc7 44. Bd5 {[%emt 0:00:00] Against Re6} Re1 45. c5 Ra1 46. Bb3 ({Don't take} 46. Ra7 Kd7 47. Bc4 Ra3+ 48. Bb3 Ra1 $18) 46... Rc1 47. Ra8 Ra1 48. Rh8 {[%emt 0:00:00] Weighted Error Value: White=0.05 (flawless) /Black=0.15 (very precise)} 1-0

[Event "Danish-ch Masters 2022"]
[Site "Svendborg"]
[Date "2022.04.09"]
[Round "1.3"]
[White "Percivaldi, Martin"]
[Black "Bjerre, Jonas Buhl"]
[Result "1/2-1/2"]
[ECO "A14"]
[WhiteElo "2389"]
[BlackElo "2586"]
[Annotator "TA"]
[PlyCount "74"]
[EventDate "2022.04.10"]
[EventType "tourn"]
[EventCountry "DEN"]
[SourceTitle "playchess.com"]
[Source "ChessBase"]
[SourceQuality "1"]
[TimeControl "40/5400+30:1800+30"]

1. Nf3 Nf6 2. c4 e6 3. g3 d5 4. Bg2 Be7 5. O-O O-O 6. d4 c6 7. Nbd2 b6 8. Qc2 c5 {[%emt 0:01:44] E06: Closed Catalan: Early deviations.} 9. cxd5 exd5 10. e4 Nc6 {[%emt 0:03:18] aiming for ...Nb4.} 11. exd5 Nxd5 (11... Nb4 $5 12. Qa4 Bd7 $11) 12. dxc5 bxc5 13. Nc4 Be6 {[%emt 0:06:15] [#]} 14. b3 $146 ({Predecessor:} 14. Rd1 Qc7 15. Bg5 Rad8 16. Bxe7 Qxe7 17. a3 h6 18. Nce5 Nxe5 19. Nxe5 Qc7 20. Re1 {½-½ (36) Senzacqua,F (1960)-Stepan,J (2027) ICCF email 2020}) 14... Ndb4 15. Qd2 Bf6 16. Qxd8 $1 Raxd8 17. Bg5 Bxa1 18. Bxd8 Bc3 19. Bc7 Nd4 20. Bd6 Rc8 21. Ng5 Nxa2 22. Bb7 Rd8 23. Bxc5 Nxb3 24. Nxe6 fxe6 25. Be3 {[%emt 0:04:27] A strong pair of Bishops.} Bd4 26. Bg5 Rb8 27. Bf3 Rb4 28. Bg4 Nc5 29. Be7 Rxc4 30. Bxc5 {[%emt 0:00:11][%mdl 64] [#] Remove Defender} Rxc5 31. Bxe6+ Kf8 {[%emt 0:00:02] And now ...Nc3 would win.} 32. Bxa2 $15 {[%emt 0:00:08][%mdl 4096] Endgame KRB-KRB} Rc2 33. Bb1 {[%emt 0:00:53] The position is equal.} Rb2 34. Bxh7 a5 35. Rc1 Bxf2+ 36. Kg2 {[%emt 0:00:48] [#] Strongly threatening Rf1.} Bd4+ 37. Rc2 Rxc2+ {[%emt 0:04:14] Weighted Error Value: White=0.05 (flawless) /Black=0.03 (flawless)} 1/2-1/2

[Event "Danish-ch Masters 2022"]
[Site "Svendborg"]
[Date "2022.04.09"]
[Round "1.4"]
[White "Olsen, Filip Boe"]
[Black "Hoi, Carsten"]
[Result "1-0"]
[ECO "A25"]
[WhiteElo "2386"]
[BlackElo "2343"]
[Annotator "TA"]
[PlyCount "103"]
[EventDate "2022.04.10"]
[EventType "tourn"]
[EventCountry "DEN"]
[SourceTitle "playchess.com"]
[Source "ChessBase"]
[SourceQuality "1"]
[TimeControl "40/5400+30:1800+30"]

1. c4 e5 2. g3 Nc6 3. Bg2 g6 4. Nc3 Bg7 5. e3 Nge7 6. Nge2 O-O 7. O-O d6 8. d3 Be6 9. Nd5 Qd7 10. Rb1 Nd8 11. b4 Nxd5 12. cxd5 Bh3 13. b5 Bxg2 {[%emt 0:08:22] A25: English Opening vs King's Indian with ...Nc6 but without early d3.} 14. Kxg2 f5 15. Qb3 Nf7 {[%emt 0:06:27] The position is equal.} 16. Bd2 {[%emt 0:06:30] [#]} Kh8 $146 (16... g5 $11) ({Predecessor:} 16... g5 17. f4 h5 18. Rbc1 h4 19. fxg5 Nxg5 20. gxh4 f4 21. Kh1 Qg4 22. Nxf4 exf4 23. exf4 {0-1 (30) Kejzar,P (2031)-Drljevic,L (2217) Rijeka 2022}) 17. Rbc1 g5 18. f3 Nh6 19. Rc4 f4 20. exf4 gxf4 21. d4 Nf5 22. Rfc1 Rac8 23. a4 Qf7 (23... exd4 24. Nxf4 Qf7 25. Qc2 $16) (23... Nxd4 24. Nxd4 exd4 25. Bxf4 $14) 24. dxe5 {[%emt 0:01:15] Hoping for e6.} dxe5 25. Re4 (25. R4c3 $11 {remains equal.}) 25... Nd6 (25... Rcd8 $17) 26. Rb4 $11 Bf6 (26... fxg3 $11 {keeps the balance.} 27. hxg3 Nf5) 27. Be1 (27. gxf4 $16 Nf5 28. fxe5 Bxe5 29. Kh1) 27... Rg8 $36 {[%emt 0:00:50][%mdl 2048] Black has the initiative.} 28. Nc3 (28. Kh1 $11) 28... Rg7 (28... Nf5 $17 {And now ...Ne3+ would win.} 29. Ne4 Be7) 29. Ne4 Rcg8 30. Bf2 Bh4 {[%emt 0:01:01] Strongly threatening ...Nxe4.} 31. Rc3 {[%emt 0:00:35] Active counter play!} (31. g4 $1 $11 Bxf2 32. Nxf2) 31... Nf5 32. g4 (32. d6 $15 Qxb3 33. Rbxb3 cxd6 34. g4) 32... Bxf2 33. Kxf2 {[%emt 0:00:15] [#]} (33. Nxf2 $17 h5 34. Rd3) 33... Qe7 $1 $19 34. Ke1 (34. gxf5 Rg2+ 35. Kf1 Qh4) (34. Kf1 Ne3+) 34... Nd4 35. Qb2 {[%emt 0:00:49] [#]} Qd8 $2 (35... h5 $1 $19 36. h3 Qh4+ 37. Qf2 Qxh3) 36. Rc5 $2 (36. Qf2 $11) 36... Nxf3+ 37. Kd1 b6 38. Rc3 Qxd5+ 39. Kc1 Nd4 40. Nf2 Qg2 (40... Rxg4 $142 41. Qd2 Rg2 42. Rxd4 exd4) 41. Kb1 Qd5 $2 (41... f3 $19 42. Rxd4 exd4) 42. Rbc4 $2 (42. Kc1 $1 $11 {and White stays safe.} Rxg4 43. Qd2) 42... Ne6 43. h4 Rxg4 44. Nxg4 Rxg4 45. Rc1 Nc5 46. Qc2 Qe6 {[%emt 0:03:01] Prevents Qf5.} 47. Re1 f3 $2 (47... Kg7 $19 {aiming for ...f3.} 48. a5 Rxh4 49. axb6 axb6 50. Rg1+ Rg4) 48. Rxg4 $11 Qxg4 49. Rxe5 Qg1+ (49... Qxa4 50. Qxa4 (50. Re8+ Kg7 $14) 50... Nxa4 51. Kc2 $16 (51. Rf5 Kg7 $14)) 50. Ka2 {[%emt 0:00:00][%mdl 1024] White wants to mate with Qc3. White has compensation.} Qg8+ $2 {[%emt 0:00:30][%mdl 8192] [#]} (50... Qg4 $11 {and Black is okay.}) 51. Ka3 $1 $18 {[%emt 0:00:00] Qc3 is the strong threat.} Qg3 $2 (51... f2 $2 52. Qc3 (52. Re7 Qg3+ 53. Ka2 Qg8+ 54. Kb2 Qg6 $14) 52... Qb3+ 53. Qxb3) (51... Nd7 52. Rf5 Qg7) 52. Qc3 {[%emt 0:00:00] Weighted Error Value: White=0.90/Black=0.83} ({Weaker is} 52. Re8+ Kg7 53. Qc3+ (53. Re7+ Kf8 $11) 53... Kf7 $18) (52. Rg5 $142 Qxg5 53. hxg5) 1-0

[Event "Danish-ch Masters 2022"]
[Site "Svendborg"]
[Date "2022.04.10"]
[Round "2.1"]
[White "Ochsner, Bjorn Moller"]
[Black "Olsen, Filip Boe"]
[Result "1/2-1/2"]
[ECO "B90"]
[WhiteElo "2496"]
[BlackElo "2386"]
[Annotator "TA"]
[PlyCount "149"]
[EventDate "2022.04.10"]
[EventType "tourn"]
[EventCountry "DEN"]
[SourceTitle "playchess.com"]
[Source "ChessBase"]
[SourceQuality "1"]
[TimeControl "40/5400+30:1800+30"]

1. e4 c5 2. Nf3 d6 3. d4 cxd4 4. Nxd4 Nf6 5. Nc3 a6 6. h3 e5 {[%emt 0:00:19] 6...e5 scores better than 6...e6.} 7. Nde2 h5 {[%emt 0:00:17] B90: Sicilian Najdorf: Unusual White 6th moves, 6 Be3 Ng4 and 6 Be3 e5.} 8. g3 Be7 9. Bg2 b5 {[%emt 0:00:21] White has an edge.} 10. Nd5 Nbd7 11. Nec3 Nxd5 12. Nxd5 (12. exd5 h4 $15) 12... h4 {[%emt 0:00:59] [#]} 13. g4 $146 ({Predecessor:} 13. a4 bxa4 14. Rxa4 Nb6 15. Ra3 Nxd5 16. Qxd5 Be6 17. Qa5 Qb8 18. Qa4+ Bd7 19. Qb3 {½-½ (44) Alekseenko,K (2715)-Shankland,S (2679) Budva 2019}) 13... Bb7 14. O-O O-O 15. c3 Bxd5 16. Qxd5 Nb6 17. Qd3 Bg5 18. Bxg5 Qxg5 19. Qxd6 Nc4 20. Qb4 Rfd8 {[%emt 0:08:22] White must now prevent ...Rd2.} 21. a4 $1 Rd2 {[%emt 0:19:34][%cal Oc4e3] ...Ne3! is the strong threat.} 22. Qc5 {[%emt 0:06:05] Against Ne3} Rad8 23. axb5 axb5 24. b3 (24. Qxb5 $2 Ne3 $1 25. Ra5 (25. fxe3 Qxe3+ 26. Kh1 Rxg2) 25... Nxf1 26. Qxe5 Qxe5 27. Rxe5 Ne3 $1 28. fxe3 Rxb2 $19) 24... Nb2 ({Much less strong is} 24... Nd6 25. f4 Qe7 26. Ra7 $16 (26. Qxe5 Qb7 $14) (26. fxe5 Qg5 $11)) 25. Qxb5 Nd1 26. Qc5 {[%emt 0:05:24] Prevents Ne3.} Qf4 27. b4 {[%emt 0:07:04] And now b5 would win.} R2d3 28. Ra5 Nxc3 29. Qxe5 Qd2 (29... Ne2+ $14 30. Kh1 Qxe5 31. Rxe5 Rb3) 30. Kh1 Ne2 31. Rd5 (31. Qe7 $16) 31... Nf4 ({Black should try} 31... Qxb4 $14 32. Rxd3 Rxd3) 32. Rxd3 (32. Rxd8+ $1 $16 Rxd8 33. b5) 32... Nxd3 $14 33. Qe7 Nxb4 (33... Rb8 $14) 34. Qxh4 ({White has to play} 34. e5 $1 $18) 34... Rc8 (34... g5 $14 35. Qh5 Qf4) 35. Qg3 (35. e5 $142 $1) 35... Nd3 $16 36. Qf3 Rc3 37. Qf5 (37. e5 $5) 37... Nf4 38. Ra1 {[%emt 0:03:48] Intending Ra8+ and mate.} Rc1+ 39. Rxc1 Qxc1+ 40. Kh2 Qc7 41. Qb5 Ne2+ (41... g6 $14) 42. e5 Nc3 43. Qe8+ Kh7 44. Bf1 $2 (44. Kh1 $18) 44... Nd5 (44... Qa7 $1 $11 45. Bd3+ g6) 45. Kg1 Nf4 {[%emt 0:01:55] Against e6} 46. Qb5 Qc3 ({Better is} 46... Kg8 $1 $14) 47. Kh2 (47. Qb7 $16 Qe1 48. Qxf7 Qxe5 49. Qd7) 47... Qf3 (47... Qe1 $1 $11 {remains equal.}) 48. Qb1+ Kg8 49. Qc2 (49. Qb6 $142) 49... Ne6 (49... g5 $142) 50. Qd2 Nf4 {[%emt 0:02:21] Inhibits Bg2.} 51. Qd8+ Kh7 52. Qh4+ Kg8 53. Qd8+ Kh7 54. Qh4+ Kg8 55. Qg3 $1 Qe4 56. Qc3 Ng6 57. Qc8+ Kh7 58. e6 fxe6 59. Qc3 {[%emt 0:00:50] Inhibits Qe1.} Nf4 {[%emt 0:02:27] Against Bd3} 60. Kg3 {[%emt 0:00:35] aiming for Qc4.} e5 61. Qe3 Qd5 62. h4 Qh1 63. Qxe5 Qxh4+ (63... Qxf1 $142 64. Qf5+ (64. Kxf4 Qxf2+ 65. Ke4 Qg2+ 66. Kf5 Qf2+ 67. Qf4 Qxh4 $11) (64. Qxf4 Qg1+ 65. Kf3 Qh1+ 66. Ke3 Qxh4 $16) 64... Kg8 65. Qxf4 Qg1+ 66. Kf3 Qh1+ 67. Kg3 Qg1+ 68. Kf3 Qh1+ 69. Kg3 Qg1+) 64. Kf3 (64. Kxh4 $16 {Kg5 would kill now.} Ng6+ 65. Kg5 Nxe5 66. Kf5) 64... g5 $14 65. Qe7+ Kg6 {[%emt 0:00:30] [#]} (65... Kh6 $14) 66. Qd6+ $1 $16 Kg7 {[%emt 0:00:07] [#]} 67. Qe5+ (67. Qd4+ $1 $16 Kh7 68. Bd3+ Nxd3 69. Qxd3+ Kh6 70. Qd6+ Kg7 71. Qe7+ Kh6 72. Qf6+ Kh7 73. Qf5+ Kg7 74. Ke3) 67... Kg6 (67... Kh7 $11) 68. Qf5+ $14 Kg7 69. Qd7+ (69. Ke3 $14 {might be stronger.} Qh6 70. Qd7+ Kf8 71. Qc8+ Kg7 72. Qd7+ Kf8 73. Qc8+ Kg7 74. Qc7+ Kh8 75. Qe5+ Kh7 76. Qf5+ Kh8 77. Qe5+ Kh7 78. Qf5+ Kh8 79. Qe5+) 69... Kf6 70. Qd4+ Ke7 $1 71. Qg7+ Kd6 72. Qf8+ Ke5 73. Qg7+ Kd5 (73... Kd6 $1 $11 {is superior.}) 74. Ke3 (74. Qe7 $14) 74... Qxg4 $11 75. Qd4+ {[%emt 0:00:48] Weighted Error Value: White=0.26 (precise) /Black=0.23 (precise)} 1/2-1/2

[Event "Danish-ch Masters 2022"]
[Site "Svendborg"]
[Date "2022.04.10"]
[Round "2.2"]
[White "Percivaldi, Martin"]
[Black "Thybo, Jesper Sondergaard"]
[Result "1/2-1/2"]
[ECO "A30"]
[WhiteElo "2389"]
[BlackElo "2592"]
[Annotator "TA"]
[PlyCount "60"]
[EventDate "2022.04.10"]
[EventType "tourn"]
[EventCountry "DEN"]
[SourceTitle "playchess.com"]
[Source "ChessBase"]
[SourceQuality "1"]
[TimeControl "40/5400+30:1800+30"]

1. c4 c5 2. Nf3 Nc6 3. d4 cxd4 4. Nxd4 Qb6 5. Nb3 e6 6. e4 Nf6 7. Nc3 {[%emt 0:09:23] The position is equal.} Bb4 {[%emt 0:01:29] A31: Symmetrical English: 2 Nf3 Nf6 3 d4.} 8. Bd3 Ne5 9. O-O Qd6 {[%emt 0:01:46] [#] Prevents c5.} 10. Bf4 $1 {[%emt 0:07:31][%cal Oc3b5,Bc1f4,Bf4e5,Be5g7,Bg7d4][%mdl 32] And now Nb5! would win.} Bxc3 11. bxc3 Qxd3 12. Bxe5 Qxd1 13. Rfxd1 Nxe4 14. Bxg7 Rg8 15. Bd4 b6 16. f3 Nd6 17. c5 Nf5 18. Kf2 Bb7 19. cxb6 {[%emt 0:09:31] [#] Strongly threatening Na5.} Nxd4 20. Rxd4 {[%emt 0:01:00] Threatens to win with Na5.} axb6 21. Rb4 {[%emt 0:01:03] [#]} Ra6 $146 ({Predecessor:} 21... Ke7 22. c4 Ba6 23. Nd2 Rgc8 24. a4 Rc6 25. a5 Bc8 26. Rb5 bxa5 27. Raxa5 Rxa5 28. Rxa5 {½-½ (45) Munoz Pantoja,M (2443)-Alsina Leal,D (2513) Barcelona 2021}) 22. a4 Kd8 23. a5 Kc7 24. axb6+ Rxb6 25. Rxb6 Kxb6 $11 {[%emt 0:00:04] KRB-KRN} 26. Ra4 Rc8 27. Rb4+ Ka7 28. c4 d6 29. Ke3 e5 30. g4 d5 {[%emt 0:09:52] A balanced but interesting game.  Weighted Error Value: White=0.02 (flawless) /Black=0.02 (flawless)} 1/2-1/2

[Event "Danish-ch Masters 2022"]
[Site "Svendborg"]
[Date "2022.04.10"]
[Round "2.3"]
[White "Bjerre, Jonas Buhl"]
[Black "Sylvan, Jacob"]
[Result "1-0"]
[ECO "A50"]
[WhiteElo "2586"]
[BlackElo "2312"]
[Annotator "TA"]
[PlyCount "81"]
[EventDate "2022.04.10"]
[EventType "tourn"]
[EventCountry "DEN"]
[SourceTitle "playchess.com"]
[Source "ChessBase"]
[SourceQuality "1"]
[TimeControl "40/5400+30:1800+30"]

1. d4 Nf6 2. c4 b6 3. Nc3 Bb7 4. Qc2 d5 5. cxd5 Nxd5 6. e4 Nxc3 {[%emt 0:00:12] A50: Queen's Fianchetto Defence (1 d4 Nf6 2 c4 b6).} 7. bxc3 e5 8. Nf3 exd4 {[%emt 0:00:52] White is slightly better.} 9. Bc4 {[%emt 0:01:59] [#] Black must now prevent Ng5.} Nc6 10. O-O d3 11. Bxd3 Qe7 {[%emt 0:01:41] Inhibits e5.} 12. Re1 {[%emt 0:08:56] Strongly threatening e5.} O-O-O 13. e5 {[%emt 0:00:55] [#] And now Bg5 would win.} h6 {[%emt 0:00:18] Inhibits Bg5.} 14. a4 Kb8 {[%emt 0:04:56] [#]} 15. a5 $146 ({Predecessor:} 15. Ba3 Qe8 16. Bxf8 Qxf8 17. a5 Nxa5 18. Rxa5 bxa5 19. Rb1 c6 20. Ba6 Rd7 21. e6 {0-1 (40) Daneshvar,B (2327)-Gholami Orimi,M (2437) Teheran 2019}) 15... Nxa5 16. Nd4 {[%emt 0:18:10] Inhibits Nb3.} Nc6 17. Qa4 Rxd4 18. cxd4 $16 {[%emt 0:00:21] Bd2 is the strong threat.} Qb4 {[%emt 0:00:06] Against Bd2} 19. Be3 {[%emt 0:07:05] Hoping for Qa2.} Qxa4 20. Rxa4 Nb4 21. Bc4 Nd5 22. Bd2 Be7 23. Ra2 Rd8 24. Rc2 a5 25. f4 Nb4 26. Bxb4 ({Don't play} 26. Rb2 Rxd4 27. Bb5 (27. Bxf7 $2 Nd3 $19) 27... Bc5 $17) 26... Bxb4 27. Rd1 $36 {[%emt 0:00:31][%mdl 2048] Black is under pressure.} Bd5 28. Bxd5 Rxd5 $14 {[%emt 0:00:47][%mdl 4096] Endgame KRR-KRB} 29. Kf2 {[%emt 0:00:34] Black should prevent Ke3.} Be7 (29... c5 $1 $11) 30. Ke3 {[%emt 0:00:46] &Bianco is more active.} a4 31. Ke4 Rd7 {[%emt 0:00:50] This costs Black the game.} (31... Ra5 $16 {keeps fighting.}) 32. d5 $18 a3 33. Rdc1 b5 $2 (33... Bb4 34. f5 Re7) 34. f5 b4 35. e6 fxe6 36. fxe6 Rd8 37. Rxc7 Bf6 38. e7 Bxe7 39. Rxe7 a2 40. Kd4 {[%emt 0:00:36] White threatens Re2 and mate.} b3 41. Re3 {[%emt 0:30:36] Weighted Error Value: White=0.09 (flawless) /Black=0.64} 1-0

[Event "Danish-ch Masters 2022"]
[Site "Svendborg"]
[Date "2022.04.10"]
[Round "2.4"]
[White "Haubro, Martin"]
[Black "Schandorff, Lars"]
[Result "1-0"]
[ECO "C95"]
[WhiteElo "2399"]
[BlackElo "2469"]
[Annotator "TA"]
[PlyCount "103"]
[EventDate "2022.04.10"]
[EventType "tourn"]
[EventCountry "DEN"]
[SourceTitle "playchess.com"]
[Source "ChessBase"]
[SourceQuality "1"]
[TimeControl "40/5400+30:1800+30"]

1. e4 e5 2. Nf3 Nc6 3. Bb5 a6 4. Ba4 Nf6 5. O-O Be7 6. Re1 b5 7. Bb3 d6 8. c3 O-O 9. h3 Nb8 10. d4 Nbd7 11. Nbd2 c5 12. d5 {[%emt 0:01:11] C95: Closed Ruy Lopez: Breyer Variation with 10 d4.} Nb6 13. Nf1 {[%emt 0:13:35] [#]} Re8 $146 ({Predecessor:} 13... Ne8 14. Ng3 g6 15. Nh2 Bg5 16. Rf1 Ng7 17. f4 exf4 18. Bxf4 Bxf4 19. Rxf4 f5 {0-1 (39) Mytarev,V-Golovanov,V (1843) Nizhnij Novgorod 2013}) 14. Ng3 {[%emt 0:02:29] The position is equal.} g6 15. Bh6 Bf8 16. Qc1 Bg7 17. Bc2 Qe7 18. Bd3 Bxh6 19. Qxh6 Qf8 (19... c4 $5 20. Bc2 Bd7 $11) 20. Qe3 Kh8 21. Nd2 Ng8 22. f4 Qh6 23. fxe5 {[%emt 0:10:20] Hoping for Qxh6.} Qxe3+ 24. Rxe3 Rxe5 25. Rf3 Kg7 26. b3 Re7 27. a4 Bd7 28. axb5 {[%emt 0:02:08] &Bianco is more active.} (28. a5 $16 Nc8 29. Raf1) 28... Bxb5 29. Ra5 Bxd3 30. Rxd3 Nf6 31. Rf3 Ne8 32. Rf1 Nc7 33. b4 c4 34. Rf3 Nb5 35. Kf2 Rc7 (35... Nd7 $11) 36. Ke2 (36. Ne2 $14) 36... Nd7 37. Kd1 Ne5 38. Re3 Re7 (38... Nd7 $1 $14) 39. Kc2 $16 Nc7 (39... Raa7 $142) 40. Ne2 Rf8 (40... Rae8 $16 41. Nd4 f6) 41. Nd4 $18 Kh6 (41... Rc8 $142 42. N4f3 Nxf3 43. gxf3 Rd7) 42. N4f3 Rfe8 $2 {[%emt 0:05:55] [#]} (42... f6 {keeps fighting.} 43. Nxe5 fxe5 44. Nxc4 Rd7) 43. Nxe5 {[%emt 0:00:00] White is clearly winning.} Rxe5 44. Nxc4 Rxe4 45. Rxe4 Rxe4 46. Nxd6 {[%emt 0:00:00][%mdl 4096] Endgame KRN-KRN} Re2+ 47. Kd3 Rxg2 48. Rc5 Rg3+ 49. Kc4 Na8 50. Rc6 {[%emt 0:00:00] [#] Black must now prevent Nf5+.} Rxh3 51. Rxa6 Nc7 52. Rc6 {[%emt 0:00:00] Weighted Error Value: White=0.07 (flawless) /Black=0.33} 1-0

[Event "Danish-ch Masters 2022"]
[Site "Svendborg"]
[Date "2022.04.10"]
[Round "2.5"]
[White "Hoi, Carsten"]
[Black "Borge, Nikolaj"]
[Result "1-0"]
[ECO "D04"]
[WhiteElo "2343"]
[BlackElo "2392"]
[Annotator "TA"]
[PlyCount "95"]
[EventDate "2022.04.10"]
[EventType "tourn"]
[EventCountry "DEN"]
[SourceTitle "playchess.com"]
[Source "ChessBase"]
[SourceQuality "1"]
[TimeControl "40/5400+30:1800+30"]

1. d4 {[%emt 0:01:05] Petronijevic,Zoran} d5 2. Nf3 Nf6 3. e3 c5 4. b3 Nc6 5. Bb2 e6 6. Bd3 Qc7 7. a3 Bd6 8. O-O O-O 9. c4 {[%emt 0:18:27] D05: Colle System with ...e6.} cxd4 10. exd4 b6 {[%emt 0:01:14] Prevents c5.} (10... e5 $5 11. c5 e4 $1 12. cxd6 Qxd6 $11) 11. Re1 {[%emt 0:10:29] The position is equal.} Bb7 12. Nc3 a6 {[%emt 0:08:18][%cal Oc6d4] Against Nb5} 13. Na4 {[%emt 0:05:19] [#]} dxc4 $146 ({Predecessor:} 13... Bf4 14. Ne5 dxc4 15. bxc4 Nxe5 16. dxe5 Qc6 17. Bf1 Rfd8 18. Qb3 Ng4 19. h3 Rd3 20. Qxb6 Rxh3 21. Bd4 Bh2+ 22. Kh1 Bxe5+ {0-1 (22) Gerasimov-Smyslov,V Moscow 1935 EXT 2010 [Petronijevic,Zoran]}) 14. bxc4 b5 15. cxb5 axb5 16. Nc5 Na7 (16... Na5 $11) 17. Rc1 $14 Qe7 (17... Rfe8 $14) 18. Nxb7 $16 Qxb7 19. Ng5 (19. d5 $1 $16 Qxd5 20. Bxf6 gxf6 21. Re4 (21. Be4 Qxd1 22. Rcxd1 Rad8 $17)) 19... Bf4 (19... Rac8 $11) 20. Rc5 Rad8 {[%emt 0:02:01] Inhibits d5.} (20... Bxg5 $14 21. Rxg5 Nd5) 21. Ne4 $1 Nd5 22. Qf3 $1 {[%emt 0:00:41][%cal Oc5d5] Rxd5! is the strong threat.} Qb8 23. g3 Bh6 24. h4 Rc8 {[%emt 0:02:24] [#]} (24... Qb6 $16 {was worth a try.}) 25. Ng5 (25. Rxd5 $1 $18 {[%mdl 512] is the precise move to win.} exd5 26. Nf6+ $1 Kh8 27. Nd7 (27. Nxd5 Rce8 $16)) 25... g6 (25... Bxg5 $142 26. hxg5 b4) 26. Rec1 {[%emt 0:01:47] 0x0.0022d042ee6cdp-1022s more active pieces. The black rooks are badly placed.} (26. Be4 $16) 26... b4 27. a4 Bg7 28. h5 Rxc5 29. Rxc5 Qd8 30. Ne4 (30. Qg4 $5 Qe7 31. hxg6 hxg6 32. Bc4 $14 (32. Qh4 Rd8 $14)) 30... f5 (30... Nc8 $1 $14) 31. Nd2 Qg5 32. Nb3 (32. Qe2 $16 Kh8 33. hxg6) 32... gxh5 $2 {[%emt 0:00:24] [#]} (32... Qxh5 $11 {and Black has nothing to worry.} 33. Qxh5 gxh5) 33. Bc4 (33. Ra5 $1 $18 Qe7 34. Nc5) 33... Nc3 $2 (33... Qg4 $16 34. Bxd5 exd5 35. Qxg4 (35. Qxd5+ Kh8 $11) 35... fxg4) 34. Bxe6+ $18 {[%emt 0:01:09] This bishop pair is nice.} Kh8 35. Rxf5 Rxf5 36. Bxf5 {[%emt 0:00:17] Black must now prevent Qa8+.} ({Less strong is} 36. Qxf5 Qxf5 37. Bxf5 Nxa4 $14) 36... Nc6 37. Bxc3 bxc3 38. Qxc6 {[%emt 0:02:20] White wants to mate with Qe8+.} Qxf5 39. Qxc3 {[%emt 0:00:46] Hoping for a5.} h4 40. gxh4 Bf6 41. Qg3 Qh5 42. a5 {[%emt 0:02:05] Threatens to win with a6.} Qd1+ 43. Kg2 {[%emt 0:00:21] White threatens a6 and mate.} Qe2 44. Qf3 Qe7 45. a6 {[%emt 0:01:35] White mates.} Qf7 46. a7 h5 47. a8=Q+ Bd8 48. Qxd8+ {[%emt 0:00:19] Weighted Error Value: White=0.26 (precise) /Black=0.78} 1-0